 Dungeon Crawl Stone Soup version 0.21.1-1-g345015fe64 (webtiles) character file.

3924 Gargoyl the Covered (level 10, -4/81 HPs)
             Began as a Centaur Abyssal Knight on Feb 19, 2018.
             Was an Elder of Lugonu.
             Slain by a two-headed ogre
             ... wielding a +0 giant club
              (25 damage)
             ... on level 8 of the Dungeon.
             The game lasted 00:15:40 (8296 turns).

Gargoyl the Covered (Centaur Abyssal Knight)        Turns: 8296, Time: 00:15:41

Health: -4/81      AC: 16    Str: 16      XL:     10   Next: 1%
Magic:  14/14      EV:  5    Int: 11      God:    Lugonu [****..]
Gold:   509        SH:  0    Dex: 12 (13) Spells: 9/9 levels left

rFire    . . .     SeeInvis .   a - +6 hand axe
rCold    . . .     Gourm    .   (no shield)
rNeg     . . .     Faith    .   d - +4 chain mail of Eternal Vigilance {rElec Dex+2}
rPois    .         Spirit   .   (no helmet)
rElec    +         Reflect  .   (no cloak)
rCorr    .         Harm     .   (no gloves)
MR       +....                  (no barding)
Stlth    ..........             (no amulet)
HPRegen  0.23/turn              t - +3 ring of protection
MPRegen  0.14/turn              h - ring of protection from magic

@: very quick
A: large, hooves 3, deformed body, speed 2, tough skin 3
a: Depart the Abyss, Bend Space, Banish, Corrupt, Renounce Religion


You were on level 8 of the Dungeon.
You worshipped Lugonu.
Lugonu was greatly pleased with you.
You were not hungry.

You visited 1 branch of the dungeon, and saw 8 of its levels.
You visited the Abyss 1 time.

You collected 509 gold pieces.

Inventory:

Hand Weapons
 a - a +6 hand axe (weapon)
Missiles
 j - 8 javelins (quivered)
Armour
 d - the +4 chain mail of Eternal Vigilance (worn) {rElec Dex+2}
   (You found it on level 2 of the Abyss)

   It affects your dexterity (+2).
   It insulates you from electricity.
Jewellery
 h - a ring of protection from magic (right hand)
 t - a +3 ring of protection (left hand)
Wands
 e - a wand of acid (9)
Scrolls
 b - 3 scrolls of magic mapping
 f - a scroll of enchant weapon
 k - 4 scrolls of teleportation
 o - 2 scrolls of identify
 q - 3 scrolls of remove curse
Potions
 g - 2 potions of heal wounds
 i - a potion of resistance {unknown}
 l - 2 potions of brilliance {unknown}
 m - a potion of degeneration
 n - a potion of magic
 p - a potion of berserk rage
 x - 3 potions of curing
Comestibles
 c - 14 rations
 r - 3 chunks of flesh


   Skills:
 + Level 5.5 Fighting
 + Level 7.2 Axes
 + Level 2.3 Throwing
 * Level 7.3 Armour
 + Level 1.5 Dodging
 * Level 6.2 Invocations


You had 9 spell levels left.
You didn't know any spells.

Dungeon Overview and Level Annotations

Branches:
Dungeon (8/15)             Temple (0/1) D:6
   Lair: D:8-11

Altars:
Ashenzari
Elyvilon
Okawaru
Qazlal
Ru
Trog
Vehumet
Wu Jian

Annotations:
D:8 1 runed door


Innate Abilities, Weirdness & Mutations

You have hooves in place of feet.
Armour fits poorly on your strangely shaped body.
You cover ground very quickly.
You have extremely tough skin. (AC +3)


Message History

Lugonu accepts your kill.
A two-headed ogre comes into view. It is wielding two giant clubs.
The two-headed ogre shouts in stereo!
You see here a killer bee corpse.
The two-headed ogre hits you with a giant club.
The two-headed ogre barely misses you.
You hit the two-headed ogre but do no damage.
The two-headed ogre hits you with a giant club! x2
You hit the two-headed ogre.
The two-headed ogre is lightly wounded.
You hit the two-headed ogre. You kick the two-headed ogre.
The two-headed ogre is lightly wounded.
The two-headed ogre hits you with a giant club!!
The two-headed ogre hits you with a giant club!
* * * LOW HITPOINT WARNING * * *
You hit the two-headed ogre but do no damage.
Your kick misses the two-headed ogre.
The two-headed ogre is lightly wounded.
The two-headed ogre hits you with a giant club!!
You die...

#.......#.#####.#####.#.# ###
####.##.##.#....<..#####.#.# ##..
#.##.##.##.######..##......###..#
................#..#...#.###_..##
..##.##.##.##.#..........#####..#
####.......##...#.##...#.##..##..
####.########...##.##.##..####
#######.## #O..#####.......##
.........## #@..# #####.....
.####.....# #...# ###.## .#
#......# #...# #.## .#
#......######†..###########..# .#
##....#.............>.#.....#. .#
#.#.......................### .#
#>####.......#.......#..##.#. .#
#.# ######.###.#######.###.# .#
#.# ##.## ##.## #.#####


You could see a two-headed ogre.

Vanquished Creatures
  Pikel (D:8)
  The ghost of gmrwt the Chopper, a novice FoFi (D:4)
  A troll (D:7)
  A spriggan (D:8)
  Sigmund (D:3)
  Duvessa (D:7)
  A black bear (D:7)
  2 ice beasts
  A sky beast (D:6)
  2 ogres
  A centaur (D:6)
  A big kobold (D:6)
  2 bullfrogs
  Dowan (D:7)
  A wyvern zombie (D:6)
  11 killer bees
  A water moccasin skeleton (D:7)
  A howler monkey (D:5)
  3 crimson imps
  3 jellies
  A quasit (D:8)
  4 hounds
  2 orc priests (D:4)
  A bullfrog zombie (D:8)
  2 orc wizards
  3 iguanas
  3 worker ants
  A hound zombie (D:8)
  A worker ant zombie (D:7)
  8 adders
  7 gnolls (D:3)
  2 shadow imps
  An adder zombie (D:7)
  3 dart slugs
  4 leopard geckos
  19 orcs
  A ball python (D:1)
  8 giant cockroaches
  8 goblins
  10 hobgoblins
  8 jackals
  2 quokkas
  10 bats
  7 frilled lizards
  A jackal zombie (D:8)
  15 kobolds
  3 leopard gecko zombies
  A quokka zombie (D:5)
  2 rats
175 creatures vanquished.

Vanquished Creatures (others)
  A killer bee (D:8)
1 creature vanquished.

Grand Total: 176 creatures vanquished

Notes
Turn   | Place    | Note
-------+----------+-------------------------------------------
     0 | Abyss:1  | Gargoyl the Centaur Abyssal Knight began the quest for the Orb.
     0 | Abyss:1  | Reached XP level 1. HP: 19/19 MP: 2/2
    33 | Abyss:1  | Noticed an ettin skeleton
    61 | Abyss:1  | Noticed a starcursed mass
    85 | Abyss:1  | Noticed a small abomination
   101 | Abyss:1  | Noticed a small abomination
   140 | Abyss:2  | Got a crude chain mail
   151 | Abyss:2  | Identified the +4 chain mail of Eternal Vigilance {rElec Dex+2} (You found it on level 2 of the Abyss)
   248 | Abyss:2  | Noticed a rakshasa
   248 | D:1      | Escaped the Abyss
   340 | D:1      | Reached XP level 2. HP: 25/26 MP: 3/3
   357 | D:1      | Reached * piety under Lugonu
   673 | D:1      | Reached XP level 3. HP: 31/31 MP: 4/4
  1377 | D:3      | Noticed Sigmund
  1399 | D:3      | Killed Sigmund
  1399 | D:3      | Reached ** piety under Lugonu
  1399 | D:3      | Reached skill level 1 in Dodging
  1399 | D:3      | Reached XP level 4. HP: 23/38 MP: 4/6
  1399 | D:3      | Reached XP level 5. HP: 27/45 MP: 4/7
  1777 | D:3      | Reached XP level 6. HP: 8/51 MP: 8/8
  3131 | D:4      | Reached XP level 7. HP: 36/59 MP: 9/9
  3377 | D:4      | Found a shattered altar of Ashenzari.
  3820 | D:4      | Noticed gmrwt's ghost (novice FoFi)
  3841 | D:5      | Entered Level 5 of the Dungeon
  4719 | D:4      | Killed gmrwt's ghost
  4719 | D:4      | Reached skill level 1 in Throwing
  4719 | D:4      | Reached skill level 5 in Armour
  4719 | D:4      | Reached XP level 8. HP: 67/67 MP: 11/11
  4750 | D:4      | Reached *** piety under Lugonu
  4751 | D:4      | Reached skill level 5 in Axes
  5343 | D:6      | Reached skill level 5 in Invocations
  5451 | D:6      | Found a staircase to the Ecumenical Temple.
  6144 | D:7      | Noticed Dowan
  6145 | D:7      | Noticed Duvessa
  6155 | D:7      | Killed Duvessa
  6164 | D:7      | Killed Dowan
  6164 | D:7      | Reached XP level 9. HP: 70/73 MP: 13/13
  6447 | D:7      | Reached **** piety under Lugonu
  6744 | D:7      | Reached skill level 5 in Fighting
  7119 | D:7      | Got a steaming scale mail
  7130 | D:7      | Identified the +0 scale mail of the Shining One {Str+5 Int+5 Dex-2} (You found it on level 7 of the Dungeon)
  7192 | D:7      | Noticed a troll
  7206 | D:7      | Killed a troll
  7562 | D:8      | Noticed Pikel
  7580 | D:8      | Killed Pikel
  7735 | D:8      | Found an ornate altar of the Wu Jian Council.
  7872 | D:8      | Found a faded altar of an unknown god.
  7872 | D:8      | Found a radiant altar of Vehumet.
  7877 | D:8      | Found an iron altar of Okawaru.
  7879 | D:8      | Found a bloodstained altar of Trog.
  7880 | D:8      | Found a stormy altar of Qazlal.
  8064 | D:8      | Found a runed door.
  8068 | D:8      | Found a white marble altar of Elyvilon.
  8068 | D:8      | Noticed an angel
  8096 | D:8      | Reached XP level 10. HP: 81/81 MP: 14/14
  8100 | D:8      | Found a sacrificial altar of Ru.
  8289 | D:8      | Noticed a two-headed ogre
  8296 | D:8      | Slain by a two-headed ogre

Skill      XL: |  1  2  3  4  5  6  7  8  9 |
---------------+----------------------------+-----
Axes           | 2 3 4 5 7 |  7.2
Armour         | 2 3 5 6 7 |  7.3
Dodging        | 1 |  1.5
Invocations    | 3 4 5 6 |  6.2
Fighting       | 4 5 |  5.5
Throwing       | 1 2 |  2.3

Action                   |  1- 3 |  4- 6 |  7- 9 | 10-12 || total
-------------------------+-------+-------+-------+-------++-------
Melee: Hand axe          |   131 |    96 |   389 |    11 ||   627
       Kick              |    16 |    24 |    85 |     1 ||   126
Throw: Javelin           |       |     6 |    22 |       ||    28
Invok: Depart the Abyss  |     1 |       |       |       ||     1
  Use: Potion            |     1 |       |     5 |       ||     6
       Scroll            |       |       |    17 |       ||    17
  Eat: Chunk             |     1 |     4 |     7 |     1 ||    13
       Ration            |       |       |     2 |       ||     2
Armor: Chain mail        |   129 |    74 |   356 |     5 ||   564
Dodge: Dodged            |    24 |    28 |   113 |     3 ||   168
